 Seeded DCSS version 0.31-a0-435-g2c6fae2916 (webtiles) character file.

Game seed: 6733148913236269867 (custom seed)

70 innerfire43 the Trooper (level 4, -12/35 HPs)
             Began as a Demonspawn Monk on Aug 1, 2023.
             Mangled by a gnoll
             ... wielding a +0 halberd
              (15 damage)
             ... on level 2 of the Dungeon.
             The game lasted 00:01:32 (795 turns).

innerfire43 the Trooper (Demonspawn Monk)            Turns: 795, Time: 00:01:33

Health: -12/35     AC:  3    Str: 14    XL:     4   Next: 3%
Magic:  4/4        EV: 13    Int: 11    God:
Gold:   68         SH:  0    Dex: 15    Spells: 3/3 levels left

rFire   . . .        g - +7 demon blade of Causality {venom, rPois SInv}
rCold   . . .        d - orb {light}
rNeg    . . .        b - +0 robe
rPois   +            e - +0 helmet
rElec   .            (no cloak)
rCorr   .            (no gloves)
SInv    +            (no boots)
Will    .....        (no amulet)
Stlth   +            (no ring)
HPRegen 0.25/turn    (no ring)
MPRegen 0.09/turn

%: no passive effects
@: glowing
A: spiny 1
a: no special abilities


You were on level 2 of the Dungeon.
You visited 1 branch of the dungeon, and saw 2 of its levels.

You collected 68 gold pieces.

Inventory:

Hand Weapons
 a - a +0 hand axe
 g - the +7 demon blade of Causality (weapon) {venom, rPois SInv}
   (You acquired it on level 1 of the Dungeon)

   rPois:     It protects you from poison.
   SInv:      It lets you see invisible.
Armour
 b - a +0 robe (worn)
 d - an orb of light (worn)
 e - a +0 helmet (worn)
Scrolls
 f - a scroll of teleportation {unknown}
 h - a scroll of immolation {unknown}
Potions
 c - a potion of ambrosia
 i - a potion of berserk rage {unknown}


   Skills:
 - Level 3.4 Fighting
 * Level 1.2 Long Blades
 - Level 3.1 Axes
 - Level 3.1 Dodging
 * Level 1.0 Shapeshifting


You had 3 spell levels left.
You didn't know any spells.
Your spell library was empty.

Dungeon Overview and Level Annotations

Branches:
Dungeon (2/15)

Altars:

Shops:
D:2 *


Innate Abilities, Weirdness & Mutations

You are partially covered in sharp spines.


Message History

A quokka is nearby!
You slash the quokka!
You kill the quokka!
Your Long Blades skill increases to level 1! 3 gnolls and a kobold come into view.
Found a beast talisman.
Found a glowing golden altar of the Shining One.
The gnoll shouts! x2; The kobold shouts!
You hear a shout! x2
There are monsters nearby!
A gnoll comes into view. It is wielding a +0 halberd.
The gnoll shouts!
The gnoll barely misses you. The gnoll is struck by your spines.
The gnoll completely misses you.
You hit the gnoll.
The gnoll is poisoned.
The gnoll is moderately wounded.
The gnoll closely misses you. The kobold attacks as you move away!
The kobold is struck by your spines. The kobold closely misses you.
The gnoll hits you with a +0 whip.
Unknown command.
The gnoll attacks as you move away! The gnoll hits you with a +0 whip.
The kobold attacks as you move away! The kobold hits you with a +0 dagger.
You slash the kobold!
You kill the kobold!
The gnoll barely misses you.
You hit the gnoll.
You kill the gnoll!
The gnoll completely misses you.
Your Shapeshifting skill increases to level 1!
You have reached level 4!
You feel stronger.
You slash the gnoll!
The gnoll is severely wounded.
The gnoll is struck by your spines. The gnoll hits you with a +0 whip.
The gnoll hits you from afar with a +0 halberd!
* * * LOW HITPOINT WARNING * * *
Unknown command.
You hit the gnoll.
You kill the gnoll!
The gnoll hits you from afar with a +0 halberd!
You die...

......#.#..## #.# .
.###..#...#..# #..####.. #.#
##........# #......#.#..
######.[.# #......#...# #.#..
##..._..#...# #######.##.
..◎.....##..####.......##.
.......g##..##...#######..
.......g)@...#.### ##..
############......########...
#............................
#....#######.#...######.####.
. #....# #.#.....###..# #. .
#....# #.##.#....<>.####.
.#####..## #.##...###.#...(..
.......## #.#........# ####.
.....###
######...#......#####..


You could see 2 gnolls.

Vanquished Creatures
  2 gnolls (D:2)
  2 adders (D:2)
  A dart slug (D:1)
  3 ball pythons
  7 bats
  5 endoplasms
  A giant cockroach (D:1)
  5 hobgoblins (D:1)
  A kobold (D:2)
  3 quokkas
  2 frilled lizards (D:1)
  4 goblins
  2 rats (D:1)
38 creatures vanquished.

Notes
Turn   | Place    | Note
-------+----------+-------------------------------------------
     0 | D:1      | innerfire43 the Demonspawn Monk began the quest for the
                  | Orb.
     0 | D:1      | Reached XP level 1. HP: 18/18 MP: 1/1
   119 | D:1      | Gained mutation: You are partially covered in sharp spines.
                  | [demonic ancestry]
   119 | D:1      | Reached XP level 2. HP: 16/24 MP: 2/2
   464 | D:1      | Reached XP level 3. HP: 29/29 MP: 3/3
   606 | D:1      | Identified a scroll of acquirement
   606 | D:1      | Acquired the +7 demon blade of Causality {venom, rPois
                  | SInv}
   667 | D:2      | Found Disonili's Assorted Antiques.
   765 | D:2      | Reached skill level 1 in Long Blades
   794 | D:2      | Reached skill level 1 in Shapeshifting
   794 | D:2      | Reached XP level 4. HP: 19/35 MP: 4/4
   795 | D:2      | Mangled by a gnoll

Illustrated notes

Levels and vault maps discovered:
D:1:      dpeg_arrival_prison, layout_rooms, chequers_arboretum
D:2:      layout_rooms, serial_shops, nicolae_shop_advertising_works
          [nicolae_subvault_shop_adworks], basic_altar

Skill      XL: |  1  2  3 |
---------------+----------+-----
Axes           | 3 |  3.1
Dodging        | 3 |  3.1
Long Blades    | 1 |  1.2
Shapeshifting  | 1 |  1.0
Fighting       | |  3.4

Action                     |  1- 3 |  4- 6 || total
---------------------------+-------+-------++-------
  Melee: Hand axe          |    50 |       ||    50
         Demon blade       |    15 |     2 ||    17
    Use: Scroll            |     1 |       ||     1
 Armour: Robe              |    21 |       ||    21
  Dodge: Dodged            |    50 |       ||    50

Table legend: (Time is in decaauts)
 A = Elapsed time spent in this place.
 B = Non-inter-level travel time spent in this place.
 C = Inter-level travel time spent in this place.
 D = Time resting spent in this place.
 E = Time spent auto-exploring this place.
 F = Levels seen in this place.
 G = Mean time per level.
                   A        B        C        D        E       F      G
               +--------+--------+--------+--------+--------+-----+--------+
         Total |    807 |    807 |      0 |      0 |    611 |   2 |  403.5 |
       Dungeon |    807 |    807 |      0 |      0 |    611 |   2 |  403.5 |
               +--------+--------+--------+--------+--------+-----+--------+

Top non-repeatable levels by time:
     D:1: 618 daAuts
     D:2: 188 daAuts
